ITL
UTICA UNICORNS @ RICHMOND FLAIRS
07/27/2028
 
TOP OF THE 1ST
Utica Unicorns batting - Pitching for Richmond Flairs : RHP John Smith
Pitching: RHP John Smith
Batting: LHB Jesús Raugel 0-0: Called Strike
0-1: Called Strike
0-2: Ball
1-2: Ball
2-2: Fly out, F3 (Popup, 3D)
Batting: RHB Mitsuoki Taguchi 0-0: Called Strike
0-1: Swinging Strike
0-2: Ball
1-2: Strikes out looking
Batting: RHB Gerald Burnett 0-0: Ball
1-0: Ball
2-0: Foul Ball, location: 2F
2-1: Ball
3-1: Ground out 6-3 (Groundball, 6)
Top of the 1st over - 0 run(s), 0 hit(s), 0 error(s), 0 left on base; Utica 0 - Richmond 0
BOTTOM OF THE 1ST
Richmond Flairs batting - Pitching for Utica Unicorns : RHP Manuel González
Pitching: RHP Manuel González
Batting: LHB R.J. Courtney 0-0: Ball
1-0: SOLO HOME RUN (Flyball, 89XD), Distance : 377 ft
Batting: SHB António Enríquez 0-0: Ball
1-0: Ball
2-0: Ball
3-0: Called Strike
3-1: Foul Ball, location: 2F
3-2: SINGLE (Groundball, 56D)
Batting: LHB Luis Villa 0-0: Ball
1-0: SINGLE (Groundball, 34) (infield hit)
António Enríquez to second
Batting: RHB Elliott Johnston 0-0: Ball
1-0: Ball
2-0: Ball
3-0: Called Strike
3-1: Called Strike
3-2: Foul Ball, location: 2F
3-2: Base on Balls
António Enríquez to third
Luis Villa to second
Batting: RHB Mario López 0-0: Ball
1-0: Ground out U3 (Groundball, 2R)
António Enríquez scores
Luis Villa to third
Elliott Johnston to second
Batting: LHB Pedro Díaz 0-0: Ball
1-0: Ball
2-0: Called Strike
2-1: Foul Ball, location: 2F
2-2: Ball
3-2: Base on Balls
Batting: RHB R.J. Crosby 0-0: Fly out, F4 (Popup, 4)
Batting: RHB Rafael Carreón 0-0: Ball
1-0: Called Strike
1-1: Ball
2-1: Called Strike
2-2: Foul Ball, location: 2F
2-2: Ball
3-2: Foul Ball, location: 2F
3-2: GRAND SLAM HOME RUN (Flyball, 7D), Distance : 359 ft
Batting: RHB Miguel Hernández 0-0: Ball
1-0: Called Strike
1-1: SINGLE (Groundball, 25) (infield hit)
Batting: LHB R.J. Courtney 0-0: Ball
1-0: Ball
2-0: Called Strike
2-1: Foul Ball, location: 2F
2-2: Fielders Choice at 2nd, 6-4 (Groundball, 6)
Bottom of the 1st over - 6 run(s), 5 hit(s), 0 error(s), 0 left on base; Utica 0 - Richmond 6
TOP OF THE 2ND
Utica Unicorns batting - Pitching for Richmond Flairs : RHP John Smith
Batting: RHB Danny Crouch 0-0: Called Strike
0-1: Ball
1-1: Called Strike
1-2: Strikes out looking
Batting: LHB Mitchell Oglethorpe 0-0: Ball
1-0: Ball
2-0: Ball
3-0: Called Strike
3-1: Swinging Strike
3-2: Fly out, F8 (Flyball, 8LM)
Batting: RHB José Velázquez 0-0: Swinging Strike
0-1: Ball
1-1: Called Strike
1-2: Strikes out swinging
Top of the 2nd over - 0 run(s), 0 hit(s), 0 error(s), 0 left on base; Utica 0 - Richmond 6
BOTTOM OF THE 2ND
Richmond Flairs batting - Pitching for Utica Unicorns : RHP Manuel González
Batting: SHB António Enríquez 0-0: Ball
1-0: Ball
2-0: Ball
3-0: Called Strike
3-1: Foul Ball, location: 2F
3-2: Foul Ball, location: 2F
3-2: Base on Balls
Batting: LHB Luis Villa 0-0: Called Strike
0-1: Foul Ball, location: 2F
0-2: Ball
1-2: Grounds into double play, 4-6-3 (Groundball, 4)
Batting: RHB Elliott Johnston 0-0: Called Strike
0-1: Foul Ball, location: 2F
0-2: Strikes out swinging
Bottom of the 2nd over - 0 run(s), 0 hit(s), 0 error(s), 0 left on base; Utica 0 - Richmond 6
TOP OF THE 3RD
Utica Unicorns batting - Pitching for Richmond Flairs : RHP John Smith
Batting: LHB Bill Hall 0-0: Ball
1-0: Called Strike
1-1: Foul Ball, location: 2F
1-2: Foul Ball, location: 2F
1-2: SINGLE (Line Drive, 89M)
Batting: RHB Héctor Jiménez 0-0: Called Strike
0-1: Foul Ball, location: 2F
0-2: Ball
1-2: Foul Ball, location: 2F
1-2: Fly out, F9 (Flyball, 9)
Batting: RHB Manny Ramírez 0-0: Called Strike
0-1: Ball
1-1: Fly out, F4 (Line Drive, 4)
Batting: LHB Jesús Raugel 0-0: Ball
1-0: Ball
2-0: Ball
3-0: Called Strike
3-1: SINGLE (Line Drive, 8LM)
Bill Hall to second
Batting: RHB Mitsuoki Taguchi 0-0: Ball
1-0: Swinging Strike
1-1: Foul Ball, location: 2F
1-2: Fielders Choice at 2nd, 6-4 (Groundball, 6)
Top of the 3rd over - 0 run(s), 2 hit(s), 0 error(s), 1 left on base; Utica 0 - Richmond 6
BOTTOM OF THE 3RD
Richmond Flairs batting - Pitching for Utica Unicorns : RHP Manuel González
Batting: RHB Mario López 0-0: Ball
1-0: Ball
2-0: SINGLE (Groundball, 4D)
Batting: LHB Pedro Díaz 0-0: Ball
1-0: Ball
2-0: Called Strike
2-1: Ball
3-1: Called Strike
3-2: Base on Balls
Mario López to second
Batting: RHB R.J. Crosby 0-0: Called Strike
0-1: Called Strike
0-2: Strikes out swinging
Batting: RHB Rafael Carreón 0-0: Ball
Wild Pitch!
Mario López to third
Pedro Díaz to second
1-0: Ball
2-0: Swinging Strike
2-1: Foul Ball, location: 2F
2-2: Foul Ball, location: 2F
2-2: Foul Ball, location: 2F
2-2: 3-RUN HOME RUN (Flyball, 8RXD), Distance : 401 ft
Pitching: LHP José Mercado
Batting: RHB Miguel Hernández 0-0: Ball
1-0: Ball
2-0: Fly out, F8 (Flyball, 8RD)
Batting: LHB R.J. Courtney 0-0: Fly out, F8 (Flyball, 8RD)
Bottom of the 3rd over - 3 run(s), 2 hit(s), 0 error(s), 0 left on base; Utica 0 - Richmond 9
TOP OF THE 4TH
Utica Unicorns batting - Pitching for Richmond Flairs : RHP John Smith
Batting: RHB Gerald Burnett 0-0: Called Strike
0-1: Ball
1-1: Ball
2-1: Ground out 5-3 (Groundball, 56)
Batting: RHB Danny Crouch 0-0: SINGLE (Line Drive, 6MD)
Batting: LHB Mitchell Oglethorpe 0-0: Called Strike
0-1: Ball
1-1: Foul Ball, location: 2F
1-2: Ball
2-2: Ball
3-2: Foul Ball, location: 2F
3-2: SINGLE (Groundball, 6D)
Danny Crouch to second
Danny Crouch to third
Batting: RHB José Velázquez 0-0: Ball
1-0: Called Strike
1-1: 3-RUN HOME RUN (Flyball, 89XD), Distance : 383 ft
Batting: LHB Bill Hall 0-0: Called Strike
0-1: Fly out, F8 (Flyball, 8RM)
Batting: RHB Héctor Jiménez 0-0: Swinging Strike
0-1: Called Strike
0-2: Strikes out swinging
Top of the 4th over - 3 run(s), 3 hit(s), 0 error(s), 0 left on base; Utica 3 - Richmond 9
BOTTOM OF THE 4TH
Richmond Flairs batting - Pitching for Utica Unicorns : LHP José Mercado
Batting: SHB António Enríquez 0-0: Ground out 5-3 (Groundball, 56)
Batting: LHB Luis Villa 0-0: DOUBLE (Line Drive, 89XD)
Batting: RHB Elliott Johnston 0-0: Ball
1-0: Ball
2-0: Called Strike
2-1: SINGLE (Line Drive, 89S)
Luis Villa to third
Runner from 3rd tries for Home, SAFE, throw made home
Batting: RHB Mario López 0-0: Swinging Strike
0-1: Grounds into double play, 6-4-3 (Groundball, 6)
Bottom of the 4th over - 1 run(s), 2 hit(s), 0 error(s), 0 left on base; Utica 3 - Richmond 10
TOP OF THE 5TH
Utica Unicorns batting - Pitching for Richmond Flairs : RHP John Smith
Batting: RHB Manny Ramírez 0-0: Fly out, F8 (Flyball, 8LM)
Batting: LHB Jesús Raugel 0-0: Ball
1-0: Called Strike
1-1: Called Strike
1-2: Ball
2-2: Strikes out swinging
Batting: RHB Mitsuoki Taguchi 0-0: Swinging Strike
0-1: Called Strike
0-2: TRIPLE (Line Drive, 8RD)
Batting: RHB Gerald Burnett 0-0: Ball
1-0: Ground out 5-3 (Groundball, 5)
Top of the 5th over - 0 run(s), 1 hit(s), 0 error(s), 1 left on base; Utica 3 - Richmond 10
BOTTOM OF THE 5TH
Richmond Flairs batting - Pitching for Utica Unicorns : LHP José Mercado
Batting: LHB Pedro Díaz 0-0: Called Strike
0-1: Called Strike
0-2: Ground out 6-3 (Groundball, 6)
Batting: RHB R.J. Crosby 0-0: Ball
1-0: Called Strike
1-1: Ball
2-1: Ball
3-1: Foul Ball, location: 2F
3-2: Foul Ball, location: 2F
3-2: Ground out 4-3 (Groundball, 4M)
Batting: RHB Rafael Carreón 0-0: Foul Ball, location: 2F
0-1: Swinging Strike
0-2: Ball
1-2: Strikes out swinging
Bottom of the 5th over - 0 run(s), 0 hit(s), 0 error(s), 0 left on base; Utica 3 - Richmond 10
TOP OF THE 6TH
Utica Unicorns batting - Pitching for Richmond Flairs : RHP John Smith
Batting: RHB Danny Crouch 0-0: Ball
1-0: Swinging Strike
1-1: Swinging Strike
1-2: Strikes out swinging
Batting: LHB Mitchell Oglethorpe 0-0: Foul Ball, location: 2F
0-1: Ball
1-1: Ground out 1-3 (Groundball, 13S)
Batting: RHB José Velázquez 0-0: Ball
1-0: Fly out, F9 (Flyball, 9S)
Top of the 6th over - 0 run(s), 0 hit(s), 0 error(s), 0 left on base; Utica 3 - Richmond 10
BOTTOM OF THE 6TH
Richmond Flairs batting - Pitching for Utica Unicorns : LHP José Mercado
Batting: RHB Miguel Hernández 0-0: Ball
1-0: Ball
2-0: Called Strike
2-1: Ground out 6-3 (Groundball, 6)
Batting: LHB R.J. Courtney 0-0: Called Strike
0-1: Ball
1-1: Foul Ball, location: 2F
1-2: Ground out 4-3 (Groundball, 4)
Batting: SHB António Enríquez 0-0: Ball
1-0: Ground out 5-3 (Groundball, 5S)
Bottom of the 6th over - 0 run(s), 0 hit(s), 0 error(s), 0 left on base; Utica 3 - Richmond 10
TOP OF THE 7TH
Utica Unicorns batting - Pitching for Richmond Flairs : RHP John Smith
Batting: LHB Bill Hall 0-0: Called Strike
0-1: Foul Ball, location: 2F
0-2: Ball
1-2: Foul Ball, location: 2F
1-2: Foul Ball, location: 2F
1-2: Ball
2-2: Strikes out swinging
Batting: RHB Héctor Jiménez 0-0: Swinging Strike
0-1: Ball
1-1: Ball
2-1: SINGLE (Flyball, 89S)
Pitching: RHP Arthur Green
Batting: RHB Manny Ramírez 0-0: Ball
1-0: Ground out 5-3 (Groundball, 56S)
Héctor Jiménez to second
Batting: LHB Jesús Raugel 0-0: Foul Ball, location: 2F
0-1: Swinging Strike
0-2: Strikes out swinging
Top of the 7th over - 0 run(s), 1 hit(s), 0 error(s), 1 left on base; Utica 3 - Richmond 10
BOTTOM OF THE 7TH
Richmond Flairs batting - Pitching for Utica Unicorns : LHP José Mercado
Batting: LHB Luis Villa 0-0: Swinging Strike
0-1: Ball
1-1: Ball
2-1: Fly out, F8 (Flyball, 8LS)
Batting: RHB Elliott Johnston 0-0: Foul Ball, location: 2F
0-1: Foul Ball, location: 2F
0-2: Ball
1-2: Ball
2-2: Strikes out swinging
Batting: RHB Mario López 0-0: Swinging Strike
0-1: Foul Ball, location: 2F
0-2: Foul Ball, location: 2F
0-2: Foul Ball, location: 2F
0-2: Ground out 5-3 (Groundball, 5)
Bottom of the 7th over - 0 run(s), 0 hit(s), 0 error(s), 0 left on base; Utica 3 - Richmond 10
TOP OF THE 8TH
Utica Unicorns batting - Pitching for Richmond Flairs : RHP Arthur Green
Now at 1B: Liangde Que
Now at 3B: Christian Hudson
Batting: RHB Mitsuoki Taguchi 0-0: Ball
1-0: Called Strike
1-1: Ground out 4-3 (Groundball, 4)
Batting: RHB Gerald Burnett 0-0: Ball
1-0: Foul Ball, location: 2F
1-1: Ball
2-1: Foul Ball, location: 2F
2-2: SINGLE (Line Drive, 4M)
Batting: RHB Danny Crouch 0-0: Ball
1-0: Swinging Strike
1-1: Foul Ball, location: 2F
1-2: Ball
2-2: Ball
3-2: Strikes out swinging
Batting: LHB Mitchell Oglethorpe 0-0: Ball
1-0: Ball
2-0: Ball
3-0: Called Strike
3-1: Base on Balls
Gerald Burnett to second
Batting: RHB José Velázquez 0-0: Called Strike
0-1: Ball
1-1: Called Strike
1-2: Strikes out swinging
Top of the 8th over - 0 run(s), 1 hit(s), 0 error(s), 2 left on base; Utica 3 - Richmond 10
BOTTOM OF THE 8TH
Richmond Flairs batting - Pitching for Utica Unicorns : LHP José Mercado
Batting: LHB Pedro Díaz 0-0: Called Strike
0-1: SINGLE (Groundball, 23) (infield hit)
Batting: RHB R.J. Crosby 0-0: Ball
1-0: Swinging Strike
1-1: Foul Ball, location: 2F
1-2: Foul Ball, location: 2F
1-2: SINGLE (Groundball, 4MS) (infield hit)
Pedro Díaz to second
Batting: RHB Rafael Carreón 0-0: Ball
1-0: Ball
2-0: Called Strike
2-1: Called Strike
2-2: Strikes out swinging
Batting: RHB Miguel Hernández 0-0: Called Strike
0-1: Grounds into double play, 5-4-3 (Groundball, 56)
Bottom of the 8th over - 0 run(s), 2 hit(s), 0 error(s), 1 left on base; Utica 3 - Richmond 10
TOP OF THE 9TH
Utica Unicorns batting - Pitching for Richmond Flairs : RHP Arthur Green
Batting: LHB Bill Hall 0-0: Foul Ball, location: 2F
0-1: Ball
1-1: Foul Ball, location: 2F
1-2: Foul Ball, location: 2F
1-2: SOLO HOME RUN (Flyball, 8LXD), Distance : 427 ft
Batting: RHB Héctor Jiménez 0-0: Ball
1-0: Ball
2-0: Ball
3-0: Called Strike
3-1: Base on Balls
Batting: RHB Manny Ramírez 0-0: Called Strike
0-1: Ball
1-1: Ball
Balk!
Héctor Jiménez to second
2-1: Fly out, F9 (Flyball, 89S)
Batting: LHB Jesús Raugel 0-0: Foul Ball, location: 2F
0-1: Foul Ball, location: 2F
0-2: Fly out, F8 (Flyball, 8RD)
Batting: RHB Mitsuoki Taguchi 0-0: Called Strike
0-1: Ball
1-1: Foul Ball, location: 2F
1-2: Ball
2-2: Fly out, F7 (Flyball, 7S)
Top of the 9th over - 1 run(s), 1 hit(s), 0 error(s), 1 left on base; Utica 4 - Richmond 10
Tuesday, August 8th, 2017 - OOTP Baseball 17.12 Build 75